 Dungeon Crawl Stone Soup version 0.23-a0-182-g58cdd98 (webtiles) character file.

7877 mopl the Martial Artist (level 11, -21/83 HPs)
             Began as a Barachi Transmuter on Sept 20, 2018.
             Was a Priest of Cheibriados.
             Hit by a steel javelin thrown by a minotaur (34 damage)
             ... in a labyrinth.
             The game lasted 00:25:16 (9571 turns).

mopl the Martial Artist (Barachi Transmuter)        Turns: 9571, Time: 00:25:17

Health: -21/83     AC:  7    Str: 25    XL:     11   Next: 22%
Magic:  13/18      EV: 23    Int: 25    God:    Cheibriados [***...]
Gold:   687        SH:  0    Dex: 25    Spells: 5/20 levels left

rFire    + . .     SeeInvis .     - Unarmed
rCold    + . .     Gourm    +   (shield currently unavailable)
rNeg     . . .     Faith    .   s - +2 robe {MR+}
rPois    +         Spirit   .   M - +0 helmet
rElec    .         Reflect  .   k - scarf {rC+ rF+}
rCorr    .         Harm     .   (gloves currently unavailable)
MR       +....                  x - +0 pair of boots
Stlth    +++.......             B - amulet of the gourmand
HPRegen  0.23/turn              S - +1 ring of protection
MPRegen  0.16/turn              j - ring of poison resistance

@: mighty, agile, blade hands, very slow
A: +LOS, swims, slowness 1, strong legs 1
a: Hop, End Transformation, Bend Time, Temporal Distortion, Renounce Religion


You were in a labyrinth.
You worshipped Cheibriados.
Cheibriados was most pleased with you.
You were very full.
You had blades for hands.
You visited 2 branches of the dungeon, and saw 12 of its levels.
You also visited: Labyrinth.

You collected 687 gold pieces.

Inventory:

Hand Weapons
 r - a +0 blowgun
 G - the +1 dagger of Brutal Revenge {pain, rF+ Dex+2}
   (You found it on level 6 of the Dungeon)

   In the hands of one skilled in necromantic magic, it inflicts extra damage on
   living creatures.
   It affects your dexterity (+2).
   It protects you from fire.
Missiles
 a - 61 arrows
 g - 356 stones
 o - 5 needles of sleeping
 y - 14 tomahawks (quivered)
 D - 32 poisoned needles
 J - 63 sling bullets
Armour
 k - a scarf of resistance (worn)
 m - a +0 pair of gloves (melded)
 s - a +2 robe of magic resistance (worn)
 x - a +0 pair of boots (worn)
 E - a +0 large shield
 F - the +1 leather armour "Ugeynexu" {+Inv}
   (You found it on level 5 of the Dungeon)

   It lets you turn invisible.
 L - a +2 ring mail of magic resistance
 M - a +0 helmet (worn)
Jewellery
 e - a +5 ring of strength
 j - a ring of poison resistance (right scythe-like blade)
 B - an amulet of the gourmand (around neck)
 S - a +1 ring of protection (left scythe-like blade)
 U - an uncursed ring of fire
 W - an uncursed ring of ice
Wands
 R - a wand of disintegration (15)
Scrolls
 h - 5 scrolls of identify
 i - 2 scrolls of immolation {unknown}
 p - 2 scrolls of remove curse
 q - a scroll of enchant armour {unknown}
 t - 2 scrolls of magic mapping {unknown}
 u - a scroll of amnesia {unknown}
 v - a scroll of noise {unknown}
 w - 2 scrolls of teleportation {unknown}
 z - 2 scrolls of enchant weapon {unknown}
 A - 2 scrolls of random uselessness {unknown}
 C - 2 scrolls of fear {unknown}
 K - a scroll of fog {unknown}
 Q - a scroll of blinking {unknown}
Potions
 b - 3 potions of ambrosia
 c - 3 potions of lignification {!q}
 f - 2 potions of resistance
 l - 4 potions of curing
 n - a potion of flight
 H - 2 potions of brilliance
 O - a potion of mutation {!q}
Comestibles
 d - 14 rations


   Skills:
 + Level 6.8 Fighting
 + Level 2.9 Throwing
 + Level 6.4 Dodging
 * Level 11.3 Unarmed Combat
 - Level 5.0 Spellcasting
 - Level 8.0 Transmutations
 - Level 4.0 Ice Magic
 - Level 2.1 Poison Magic
 * Level 4.7 Invocations


You had 5 spell levels left.
You knew the following spells:

 Your Spells              Type           Power        Failure   Level  Hunger
a - Beastly Appendage     Tmut           #####.       10%         1    None
b - Spider Form           Tmut/Pois      ####......   26%         3    ##.....
c - Blade Hands           Tmut           #####.....   43%         5    #####..
d - Ice Form              Ice/Tmut       #####...     38%         4    ####...
w - Sticks to Snakes      Tmut           #####...     12%         2    None

Your spell library contained the following spells:

 Spells                   Type           Power        Failure   Level  Hunger
 Ensorcelled Hibernation  Hex/Ice        ###...       34%         2    None
 Corona                   Hex            #......      43%         1    None
 Confuse                  Hex            #.......     67%         3    ##.....
 Dazzling Spray           Conj/Hex       #.....       67%         3    ##.....
 Tukima's Dance           Hex            #.......     67%         3    ##.....
 Yara's Violent Unravell  Hex/Tmut       ####......   82%         5    #####..
 Cause Fear               Hex            #.........   93%         4    ####...
 Silence                  Hex/Air        #.........   99%         5    #####..
 Deflect Missiles         Chrm/Air       #.........   100%        6    #######
 Discord                  Hex            #.........   100%        8    #######


Dungeon Overview and Level Annotations

Branches:
Dungeon (11/15)            Temple (1/1) D:7            Lair (0/6) D:9
    Orc (0/2) D:9

Altars:
Ashenzari
Cheibriados
Dithmenos
Elyvilon
Fedhas
Gozag
Hepliaklqana
Kikubaaqudgha
Makhleb
Nemelex Xobeh
Okawaru
Qazlal
Ru
Sif Muna
Trog
Uskayaw
Vehumet
Wu Jian
Xom
Yredelemnul
Zin
The Shining One

Shops:
D:4 ([::   D:10 (:(

Annotations:
D:9 fly
D:10 2 transporters, exclusion: obsidian statue


Innate Abilities, Weirdness & Mutations

Shadows flee at your approach. (+LOS)
You can swim through water.
You cover ground slowly.
You can hop short distances.


Message History

Unknown command.
Unknown command.
Casting: Ice Form (safe; 7% risk of failure)
Confirm with . or Enter, or press ? or * to list all spells.
Your hands turn into razor-sharp scythe blades.
Your +0 pair of gloves melds into your body.
The minotaur throws a steel javelin.
The steel javelin completely misses you.
You feel agile all of a sudden.
The minotaur throws a steel javelin.
The steel javelin misses you.
You feel very mighty all of a sudden.
The minotaur throws a steel javelin.
The steel javelin hits you!!
* * * LOW HITPOINT WARNING * * *
It was a potion of curing.
You feel better.
The minotaur throws a steel javelin.
The steel javelin hits you!
* * * LOW HITPOINT WARNING * * *
The minotaur throws a steel javelin.
The steel javelin hits you.
* * * LOW HITPOINT WARNING * * *
The minotaur throws a steel javelin.
The steel javelin hits you!!
You die...

#### .... #...
#.H# #..# #..#
..# .. ##.# #..#
#.@# #.. ###.(#
#..# # # #...(#
#.. .. #.##(#
#.##.# #
...#.(#####....#
.. ###
#........## ### #
.......#...#...#.
. . . ######.##
.# ###.# #.### #.
.. .. # #...


You could see a minotaur.

Vanquished Creatures
  2 two-headed ogres
  2 gargoyles
  A troll (D:9)
  2 hippogriffs
  Sigmund (D:2)
  A vampire (D:9)
  A steam dragon (D:11)
  2 hungry ghosts
  2 wargs (D:9)
  5 orc warriors
  2 ice beasts
  3 sky beasts
  A black bear (D:7)
  A necrophage (D:7)
  2 phantoms
  A centaur (D:10)
  An ogre (D:8)
  2 crocodiles (D:9)
  2 big kobolds
  A bullfrog (D:9)
  5 scorpions
  10 killer bees
  2 howler monkeys
  6 crimson imps
  2 centaur zombies
  3 bullfrog zombies
  A jelly (D:10)
  8 orc wizards
  Crazy Yiuf (D:7)
  4 orc priests
  A bullfrog skeleton (D:7)
  A gnoll shaman (D:6)
  4 hounds
  2 centaur skeletons
  2 iguanas
  9 worker ants
  A worker ant zombie (D:6)
  9 gnolls (D:6)
  10 adders
  4 river rats (D:6)
  2 shadow imps
  2 oozes
  An adder skeleton (D:8)
  A worm (D:2)
  2 dart slugs (D:1)
  9 leopard geckos
  51 orcs
  A ball python (D:4)
  6 bats
  6 giant cockroaches
  A goblin (D:3)
  8 hobgoblins
  19 jackals
  8 quokkas
  3 frilled lizards
  2 jackal skeletons
  18 kobolds
  A leopard gecko zombie (D:5)
  7 rats
268 creatures vanquished.

Vanquished Creatures (others)
  2 plants (D:6)
2 creatures vanquished.

Grand Total: 270 creatures vanquished

Notes
Turn   | Place    | Note
-------+----------+-------------------------------------------
     0 | D:1      | mopl the Barachi Transmuter began the quest for the Orb.
     0 | D:1      | Reached XP level 1. HP: 15/15 MP: 3/3
   127 | D:1      | Reached XP level 2. HP: 12/21 MP: 3/5
   134 | D:1      | Learned a level 2 spell: Sticks to Snakes
   660 | D:1      | Reached skill level 4 in Unarmed Combat
   660 | D:1      | Reached XP level 3. HP: 23/26 MP: 4/6
   665 | D:1      | Learned a level 3 spell: Spider Form
  1442 | D:2      | Reached XP level 4. HP: 32/32 MP: 4/8
  1450 | D:2      | Reached skill level 1 in Poison Magic
  1468 | D:2      | Found a blossoming altar of Fedhas.
  1484 | D:2      | Reached skill level 3 in Transmutations
  1495 | D:2      | Noticed Sigmund
  1510 | D:2      | Killed Sigmund
  1510 | D:2      | Reached skill level 5 in Unarmed Combat
  1510 | D:2      | Reached skill level 3 in Spellcasting
  1510 | D:2      | Reached skill level 2 in Poison Magic
  1510 | D:2      | Reached XP level 5. HP: 37/37 MP: 2/10
  1510 | D:2      | Reached XP level 6. HP: 43/43 MP: 2/11
  1563 | D:2      | Learned a level 4 spell: Ice Form
  1565 | D:2      | Found a glowing golden altar of the Shining One.
  1607 | D:2      | Found a shadowy altar of Dithmenos.
  1610 | D:2      | Found an ornate altar of the Wu Jian Council.
  1619 | D:2      | Found a radiant altar of Vehumet.
  2415 | D:3      | Reached skill level 1 in Ice Magic
  2713 | D:4      | Found Mabeiwu's Book Shoppe.
  2739 | D:4      | Reached skill level 4 in Transmutations
  2858 | D:4      | Reached skill level 6 in Unarmed Combat
  2858 | D:4      | Reached XP level 7. HP: 19/48 MP: 4/12
  3043 | D:4      | Found Fufasonybir's Armour Boutique.
  3050 | D:4      | Found Atyeff's Book Emporium.
  3126 | D:4      | Found Maufalur's Antique Weapon Boutique.
  3237 | D:4      | Found an opulent altar of Gozag.
  3320 | D:4      | Reached skill level 4 in Spellcasting
  3320 | D:4      | Reached skill level 2 in Ice Magic
  3504 | D:5      | Entered Level 5 of the Dungeon
  3604 | D:5      | Reached skill level 3 in Ice Magic
  3798 | D:5      | Reached skill level 7 in Unarmed Combat
  3839 | D:5      | Reached XP level 8. HP: 51/54 MP: 6/14
  3847 | D:5      | Reached skill level 5 in Transmutations
  3870 | D:5      | Got a scorched leather armour
  3895 | D:5      | Found a glowing silver altar of Zin.
  4243 | D:5      | Learned a level 5 spell: Blade Hands
  4284 | D:6      | Got a bloodstained dagger
  4462 | D:6      | Reached skill level 4 in Ice Magic
  4475 | D:6      | Reached skill level 2 in Fighting
  4475 | D:6      | Reached skill level 8 in Unarmed Combat
  4481 | D:6      | Reached skill level 3 in Dodging
  4584 | D:6      | Identified the cursed +1 dagger of Brutal Revenge {pain,
                  | rF+ Dex+2} (You found it on level 6 of the Dungeon)
  4634 | D:5      | Identified the +1 leather armour "Ugeynexu" {+Inv} (You
                  | found it on level 5 of the Dungeon)
  4853 | D:6      | Reached skill level 3 in Fighting
  4907 | D:6      | Reached XP level 9. HP: 45/64 MP: 9/15
  4910 | D:6      | Reached skill level 6 in Transmutations
  4924 | D:6      | Found a glowing silver altar of Zin.
  4967 | D:6      | Found a deep blue altar of Sif Muna.
  5480 | D:7      | Reached skill level 9 in Unarmed Combat
  5498 | D:7      | Reached skill level 4 in Dodging
  5608 | D:7      | Found a bloodstained altar of Trog.
  5726 | D:7      | Reached skill level 4 in Fighting
  5815 | D:7      | Found a staircase to the Ecumenical Temple.
  5870 | Temple   | Entered the Ecumenical Temple
  6144 | D:7      | Found a runed door.
  6148 | D:7      | Noticed Crazy Yiuf
  6155 | D:7      | Killed Crazy Yiuf
  6367 | D:8      | Found a hazy altar of Hepliaklqana.
  6415 | D:8      | Found a snail-covered altar of Cheibriados.
  6467 | D:8      | Became a worshipper of Cheibriados the Contemplative
  6632 | D:8      | Reached skill level 5 in Dodging
  6723 | D:8      | Noticed a two-headed ogre
  6730 | D:8      | Killed a two-headed ogre
  6730 | D:8      | Reached skill level 5 in Fighting
  6730 | D:8      | Reached skill level 10 in Unarmed Combat
  6730 | D:8      | Reached skill level 7 in Transmutations
  6730 | D:8      | Reached skill level 2 in Invocations
  6730 | D:8      | Reached XP level 10. HP: 73/74 MP: 12/16
  6808 | D:8      | Reached * piety under Cheibriados
  6934 | D:8      | Found a sacrificial altar of Ru.
  7042 | D:9      | Found a staircase to the Lair.
  7103 | D:9      | Reached skill level 1 in Throwing
  7371 | D:9      | Reached skill level 3 in Invocations
  7593 | D:9      | Reached ** piety under Cheibriados
  7988 | D:9      | Reached skill level 6 in Fighting
  8003 | D:9      | Found a staircase to the Orcish Mines.
  8247 | D:10     | Entered Level 10 of the Dungeon
  8249 | D:10     | Noticed a manticore
  8263 | D:10     | Noticed a stone giant
  8263 | D:10     | Noticed an ettin
  8264 | D:10     | Found a transporter.
  8264 | D:10     | Found a transporter.
  8264 | D:10     | Noticed an obsidian statue
  8308 | D:10     | Found Yxutus's Book Shop.
  8319 | D:10     | Noticed a gargoyle
  8325 | D:10     | Killed a gargoyle
  8325 | D:10     | Reached skill level 5 in Spellcasting
  8376 | D:10     | Reached skill level 2 in Throwing
  8376 | D:10     | Reached skill level 6 in Dodging
  8777 | D:10     | Found Gutwej's Weapon Emporium.
  8786 | D:10     | Reached skill level 11 in Unarmed Combat
  8786 | D:10     | Reached skill level 4 in Invocations
  8831 | D:10     | Reached *** piety under Cheibriados
  8904 | D:10     | Noticed a two-headed ogre
  8913 | D:10     | Killed a two-headed ogre
  8913 | D:10     | Reached XP level 11. HP: 32/83 MP: 15/18
  9242 | D:10     | Found Giklab's Weapon Boutique.
  9388 | D:11     | Found a labyrinth entrance.
  9437 | D:11     | Reached skill level 8 in Transmutations
  9443 | Lab      | Entered a labyrinth
  9564 | Lab      | Noticed a minotaur
  9571 | Lab      | Hit by a steel javelin thrown by a minotaur

Vault maps used:
D:1:      lightli_arrival_farm, serial_glass, glass_columns_b, glass_columns_c,
          glass_columns_b, glass_columns_a, glass_columns_b, glass_columns_c,
          glass_columns_c, glass_columns_b
D:2:      fedhas_altar_2, grunt_temple_overflow_diamond, lemuel_round_altar,
          uniq_sigmund
D:4:      old_standard_altar, first_ration, serial_shops, kennysheep_mini,
          nicolae_shop_trees, shop, nicolae_shop_waterfront
D:5:      basic_altar
D:6:      wad_woods_stonehenge, zin_statuary
D:7:      bloody_trog, temple_green, uniq_crazy_yiuf_cottage
D:8:      marbit_many_paths, overflow_temple_1_default, lemuel_doored_altar
D:9:      minmay_weird_star, minmay_orc_entry_guard_dogs
D:10:     gammafunk_sealed_arena, serial_shops, shop_fountains, shop, shop,
          hangedman_decor_opposing
D:11:     lab_entry_generic, uniq_urug
Temple:   jpeg_temple_clearing
Lab:      nicolae_lab_dead_adventurers

Skill      XL: |  1  2  3  4  5  6  7  8  9 10 11 |
---------------+----------------------------------+-----
Unarmed Combat | 4 5 6 7 8 10 11 | 11.3
Poison Magic   | 2 |  2.1
Transmutations | 3 4 5 7 8 |  8.0
Spellcasting   | 3 4 5 |  5.0
Ice Magic      | 1 3 4 |  4.0
Fighting       | 3 5 6 |  6.8
Dodging        | 3 5 6 |  6.4
Invocations    | 2 4 |  4.7
Throwing       | 2 |  2.9

Action                   |  1- 3 |  4- 6 |  7- 9 | 10-12 || total
-------------------------+-------+-------+-------+-------++-------
Melee: Unarmed           |    91 |   154 |   327 |   268 ||   840
       Kick              |     5 |     4 |       |       ||     9
       Headbutt          |     4 |     4 |       |       ||     8
       Punch             |     1 |     2 |     4 |     8 ||    15
Throw: Tomahawk          |       |       |     1 |       ||     1
 Cast: Beastly Appendage |    17 |     5 |     1 |       ||    23
       Spider Form       |     1 |    13 |    25 |     5 ||    44
       Sticks to Snakes  |       |     1 |       |       ||     1
       Ice Form          |       |       |     6 |     7 ||    13
       Blade Hands       |       |       |       |     2 ||     2
 Abil: Hop               |     1 |       |       |       ||     1
       End Transformatio |       |     1 |     4 |     4 ||     9
  Use: Scroll            |     1 |       |     6 |     4 ||    11
       Potion            |       |       |     1 |     3 ||     4
 Stab: Distracted        |       |     1 |       |       ||     1
       Sleeping          |       |       |     1 |     5 ||     6
  Eat: Chunk             |     2 |     7 |    29 |     9 ||    47
Armor: Robe              |    25 |    13 |    12 |    26 ||    76
       Skin              |       |     3 |    10 |    18 ||    31
Dodge: Dodged            |    65 |    83 |   215 |   177 ||   540

Table legend:
 A = Non-vault XP
 B = Vault XP
 C = Vault XP percentage of total XP
 D = Non-vault monster count
 E = Vault monster count
 F = Vault count percentage of total count
                 A         B        C        D         E       F
            +---------+---------+-------+---------+---------+-------
      Total |   10487 |     766 |   6.8 |     255 |      13 |   4.9
            +---------+---------+-------+---------+---------+-------
        D:1 |      49 |       0 |   0.0 |      22 |       0 |   0.0
        D:2 |      93 |     223 |  70.6 |      23 |       1 |   4.2
        D:3 |     170 |       0 |   0.0 |      30 |       0 |   0.0
        D:4 |     278 |       0 |   0.0 |      17 |       0 |   0.0
        D:5 |     609 |       0 |   0.0 |      18 |       0 |   0.0
        D:6 |    1025 |     130 |  11.3 |      29 |       8 |  21.6
        D:7 |     668 |      41 |   5.8 |      18 |       1 |   5.3
        D:8 |    2387 |      48 |   2.0 |      33 |       1 |   2.9
        D:9 |    1368 |     324 |  19.1 |      33 |       2 |   5.7
       D:10 |    2700 |       0 |   0.0 |      23 |       0 |   0.0
       D:11 |    1140 |       0 |   0.0 |       9 |       0 |   0.0
            +---------+---------+-------+---------+---------+-------
